 Dungeon Crawl Stone Soup version 0.19-a0-1457-g32fba05 (webtiles) character file.

345 Legolas the Shooter (level 6, -8/42 HPs)
             Began as a High Elf Hunter on Sept 6, 2016.
             Killed from afar by Torious's ghost (17 damage)
             ... with a spray of energy
             ... on level 5 of the Dungeon.
             The game lasted 00:06:43 (5509 turns).

Legolas the Shooter (High Elf Hunter)               Turns: 5509, Time: 00:06:44

Health: -8/42      AC:  6    Str: 16    XL:     6   Next: 32%
Magic:  0/7        EV: 12    Int: 18    God:
Gold:   5          SH:  0    Dex: 17    Spells: 0 memorised, 5 levels left

rFire  . . .     SeeInvis .     r - +2 dagger (elec)
rCold  . . .     Gourm    .     k - +0 scale mail
rNeg   . . .     Faith    .     (no shield)
rPois  .         Spirit   +     (no helmet)
rElec  .         Dismiss  .     (no cloak)
rCorr  .         Reflect  .     (no gloves)
MR     .....     Harm     .     (no boots)
Stlth  +.........               u - amulet of guardian spirit
                                o - +3 ring of intelligence
                                d - +4 ring of strength

@: exhausted, slowed, very slow
A: no striking features
a: no special abilities


You were on level 5 of the Dungeon.
You were not hungry.

You visited 2 branches of the dungeon, and saw 7 of its levels.

You collected 149 gold pieces.
You spent 144 gold pieces at shops.

Inventory:

Hand Weapons
 a - a +1 shortbow
 q - a +0 shortbow of freezing
 r - a +2 dagger of electrocution (weapon)
Missiles
 g - 35 arrows
Armour
 c - a +0 leather armour
 k - a +0 scale mail (worn)
Jewellery
 d - a +4 ring of strength (left hand)
 o - a +3 ring of intelligence (right hand)
 u - an amulet of guardian spirit (around neck)
Wands
 s - a wand of random effects (22/48)
Scrolls
 b - a scroll of fear
 e - 2 scrolls of amnesia
 j - 6 scrolls of remove curse
 n - 2 scrolls of random uselessness
 t - a scroll of identify
 x - a scroll of fog {unknown}
Potions
 h - a potion of haste {unknown}
 i - 2 potions of cure mutation
 v - a potion of brilliance {unknown}
Comestibles
 f - 3 bread rations
 l - 2 slices of pizza


   Skills:
 + Level 3.4 Fighting
 + Level 6.5 Bows
 + Level 2.6 Armour
 + Level 4.7 Dodging
 - Level 1.1 Stealth


You had 5 spell levels left.
You didn't know any spells.

Dungeon Overview and Level Annotations

Branches:
Dungeon (6/15)             Temple (1/1) D:5

Altars:
Ashenzari
Cheibriados
Dithmenos
Gozag
Hepliaklqana
Kikubaaqudgha
Makhleb
Nemelex Xobeh
Qazlal
Trog
Xom
Yredelemnul
The Shining One

Shops:
D:4 =   D:5 :!(}

Annotations:
D:3 Grinder
D:5 Torious's ghost, amateur DECj
D:6 Menkaure


Message History

Torious's ghost gestures at you while chanting.
The spray of energy hits you!
* * * LOW HITPOINT WARNING * * *
You are confused.
Torious's ghost closely misses you.
You feel better.
The hiss of flowing sand is almost imperceptible now.
Torious's ghost hits you.
* * * LOW HITPOINT WARNING * * *
You closely miss Torious's ghost.
Torious's ghost is almost destroyed.
Torious's ghost gestures at you while chanting.
The spray of energy misses you.
Torious's ghost hits you but does no damage.
Unknown command.
You hit Torious's ghost.
Torious's ghost is almost destroyed.
Torious's ghost points at you and mumbles some strange words.
The spray of energy hits you!
You die...

....# #...# #.# .........?#.#
...## #...# #.# #.......#.#[#
...# #...# #.# #.....W.#.#.# ...#
#...# #.# #.......#...#
#############.# #.......##.W#
))............# #...W...##.s###
#############.####.......###>..##
# #....#.s##'### #.##.. #######
##.#@#.....#####.##.# ##.....
...#W#'#####......#.#
....############.....# #......#.#
........∩......#.....# #......#.#
.....#.#.#####.#.....# #......#.#
[....#.#.#<....#.#+### #......+.#
.....#.#.#######.# #......###
...∩.#.#.. ..# #......#
.....#.########### ########


You could see Torious's ghost.

Vanquished Creatures
  A hound (D:4)
  An orc priest (D:5)
  2 orc wizards (D:5)
  A hound skeleton (D:3)
  8 adders
  A shadow imp (D:4)
  An ooze (D:2)
  An adder zombie (D:6)
  3 worms
  2 dart slugs
  5 giant geckos
  15 orcs
  6 giant cockroaches
  9 hobgoblins
  11 jackals
  5 kobolds
  2 quokkas
  A ball python (D:1)
  9 bats
  3 giant newts
  8 goblins
  A quokka skeleton (D:4)
  6 rats
102 creatures vanquished.

Notes
Turn   | Place    | Note
-------+----------+-------------------------------------------
     0 | D:1      | Legolas the High Elf Hunter began the quest for the Orb.
     0 | D:1      | Reached XP level 1. HP: 14/14 MP: 2/2
   401 | D:1      | Reached XP level 2. HP: 12/20 MP: 3/3
  1158 | D:1      | Reached skill level 1 in Armour
  1470 | D:2      | Reached XP level 3. HP: 14/25 MP: 4/4
  2055 | D:2      | Reached XP level 4. HP: 23/30 MP: 5/5
  2192 | D:2      | Found a shattered altar of Ashenzari.
  2986 | D:3      | Reached skill level 6 in Bows
  3220 | D:3      | Found a shimmering altar of Xom.
  3292 | D:3      | Reached XP level 5. HP: 32/36 MP: 6/6
  3339 | D:3      | Noticed Grinder
  3341 | D:3      | Paralysed by Grinder for 7 turns
  3959 | D:4      | Found Ytateduemu's Jewellery Emporium.
  4049 | D:4      | Found a shimmering altar of Xom.
  4155 | D:4      | Found a stormy altar of Qazlal.
  4284 | D:4      | Found a shadowy altar of Dithmenos.
  4907 | D:5      | Entered Level 5 of the Dungeon
  4936 | D:5      | Noticed Torious's ghost (amateur DECj)
  5183 | D:6      | Noticed Menkaure
  5196 | D:5      | Found Maucef's Book Emporium.
  5196 | D:5      | Found Hutreagu's Weapon Boutique.
  5204 | D:5      | Reached XP level 6. HP: 27/42 MP: 5/7
  5217 | D:5      | Found Dycahi's Gadget Emporium.
  5222 | D:5      | Found a staircase to the Ecumenical Temple.
  5223 | D:5      | Bought a +0 shortbow of freezing for 74 gold pieces
  5248 | Temple   | Entered the Ecumenical Temple
  5394 | D:5      | Found Saenuanku's Distillery.
  5431 | D:5      | Bought a potion of heal wounds for 70 gold pieces
  5509 | D:5      | Killed from afar by Torious's ghost

Vault maps used:
D:1:      scummos_arrival_star, minmay_curled_crystal, minmay_pentomino_p2
D:2:      nicolae_overflow_hidden_temple, first_bread
D:3:      xom_butterflies, marbit_many_paths, serial_bayou_pond_a, uniq_grinder
D:4:      grunt_dithmenos_shadows, lemuel_round_altar, serial_shops, shop,
          lemuel_tele_altar
D:5:      enter_ossuary_2, serial_shops, shop, shop, nicolae_shop_crystal,
          kennysheep_mini_moat, shop
D:6:      fedhas_altar_4, minmay_misc_feat_columns, uniq_menkaure
Temple:   nicolae_temple_figure_zero

Skill      XL: |  1  2  3  4  5 |
---------------+----------------+-----
Armour         | 1 2 |  2.6
Dodging        | 3 4 |  4.7
Bows           | 6 |  6.5
Fighting       | 3 |  3.4
Stealth        | |  1.1

Action                   |  1- 3 |  4- 6 || total
-------------------------+-------+-------++-------
Melee: Short sword       |    82 |    51 ||   133
       Dagger            |       |   167 ||   167
 Fire: Shortbow          |    65 |    57 ||   122
  Use: Scroll            |       |     9 ||     9
       Potion            |       |     4 ||     4
 Stab: Sleeping          |       |     1 ||     1
  Eat: Chunk             |     2 |     3 ||     5
       Meat ration       |       |     2 ||     2
Armor: Leather armour    |    27 |    45 ||    72
       Scale mail        |       |    20 ||    20
Dodge: Dodged            |    81 |   217 ||   298
